 Dungeon Crawl Stone Soup version 0.21.1-1-g345015f (console) character file.

567 fly the Cudgeler (level 7, -4/46 HPs)
             Began as a Human Skald on June 5, 2018.
             Was an Initiate of Hepliaklqana.
             Slain by a gnoll
             ... wielding a +0 halberd
              (11 damage)
             ... on level 5 of the Dungeon.
             The game lasted 00:09:36 (5508 turns).

fly the Cudgeler (Human Skald)                      Turns: 5508, Time: 00:09:37

Health: -4/46      AC:  5    Str: 12    XL:     7   Next: 59%
Magic:  5/11       EV: 12    Int: 14    God:    Hepliaklqana [......]
Gold:   250        SH:  5    Dex: 13    Spells: 4/12 levels left

rFire    + . .     SeeInvis .   a - +0 mace
rCold    . . .     Gourm    .   v - +0 buckler (curse)
rNeg     . . .     Faith    .   y - +1 leather armour {rF+}
rPois    .         Spirit   .   e - +0 helmet
rElec    .         Reflect  .   (no cloak)
rCorr    .         Harm     .   (no gloves)
MR       .....                  (no boots)
Stlth    +.........             (no amulet)
HPRegen  0.15/turn              (no ring)
MPRegen  0.12/turn              (no ring)

@: infused, very slightly contaminated
A: reduced essence
a: Recall Ancestor, Ancestor Identity, Renounce Religion


You were on level 5 of the Dungeon.
You worshipped Hepliaklqana.
Hepliaklqana was noncommittal.
You were not hungry.

You visited 2 branches of the dungeon, and saw 6 of its levels.

You collected 250 gold pieces.

Inventory:

Hand Weapons
 a - a +0 mace (weapon)
Armour
 e - a +0 helmet (worn)
 v - a cursed +0 buckler (worn)
 y - a +1 leather armour of fire resistance (worn)
Wands
 l - a wand of flame (25)
Scrolls
 f - a scroll of teleportation
 g - a scroll of fog {unknown}
 i - 2 scrolls of immolation
 j - 2 scrolls of remove curse
 k - 3 scrolls of identify
Potions
 b - a potion of mutation
 h - a potion of lignification {unknown}
 m - a potion of berserk rage {unknown}
 n - a potion of agility {unknown}
Books
 c - a book of Battle

   Spells                             Type                      Level
   a - Infusion                       Charms                       1
   b - Shroud of Golubria             Charms/Translocation         2
   c - Song of Slaying                Charms                       2
   d - Spectral Weapon                Hexes/Charms                 3
   e - Regeneration                   Charms/Necromancy            3
Comestibles
 d - 10 rations


   Skills:
 + Level 3.5 Fighting
 + Level 4.2 Maces & Flails
 - Level 3.0 Armour
 - Level 2.0 Dodging
 - Level 4.0 Shields
 - Level 3.0 Spellcasting
 - Level 3.0 Charms


You had 4 spell levels left.
You knew the following spells:

 Your Spells              Type           Power        Failure   Level  Hunger
f - Shroud of Golubria    Chrm/Tloc      #.........   22%         2    ##.....
r - Regeneration          Chrm/Necr      #.........   41%         3    ###....
s - Song of Slaying       Chrm           ##......     12%         2    ##.....
z - Infusion              Chrm           ##..         8%          1    #......


Dungeon Overview and Level Annotations

Branches:
Dungeon (5/15)             Temple (1/1) D:4

Altars:
Elyvilon
Fedhas
Gozag
Hepliaklqana
Makhleb
Nemelex Xobeh
Okawaru
Qazlal
Ru
Sif Muna
Trog
Uskayaw
Vehumet
Wu Jian
Xom
Yredelemnul

Annotations:
D:2 1 runed door


Message History

You hear a distant blaring wail to the southeast.
Swim hits the gnoll.
The gnoll hits you from afar with a halberd.
The gnoll barely misses you.
You barely miss the gnoll.
The gnoll is heavily wounded.
Swim hits the gnoll.
The gnoll barely misses you.
The gnoll hits swim with a club.
You hit the gnoll.
You kill the gnoll!
The gnoll throws a throwing net.
The throwing net hits swim.
The net passes right through swim!
The gnoll barely misses you.
The gnoll hits you from afar with a halberd!!
* * * LOW HITPOINT WARNING * * *
The gnoll barely misses swim.
The gnoll hits you with a halberd.
* * * LOW HITPOINT WARNING * * *
The gnoll hits swim with a flail.
Unknown command.
You barely miss the gnoll. The gnoll hits you with a halberd!
You die...

#.##...##.##.........#
#.#...###.###........#
#.#..(###.#
##.#...#...#
#.........#
####.##8..8
####.###### #.#.....
#.# #.###..# #.# #+#
... ###.#### ..#
#....R@# #.#g##g#
#.#.#...# . ........
##.##....### #. ....##
# ##.### #.#


You could see the friendly swim the ancestor and 2 gnolls.

Vanquished Creatures
  An ogre (D:5)
  A hound (D:4)
  An orc wizard (D:4)
  Natasha (thrice) (D:4)
  An iguana (D:4)
  2 worker ants
  2 gnolls (D:5)
  An adder (D:2)
  2 oozes
  A worm (D:2)
  2 dart slugs
  2 leopard geckos
  5 orcs
  3 giant cockroaches
  6 goblins
  6 hobgoblins
  5 jackals (D:1)
  5 kobolds
  3 quokkas
  A ball python zombie (D:5)
  3 bats
  5 frilled lizards
  A jackal skeleton (D:4)
  6 rats
68 creatures vanquished.

Vanquished Creatures (collateral kills)
  An ogre (D:5)
  2 orc wizards (D:4)
  A gnoll (D:5)
  An adder (D:4)
  An adder skeleton (D:5)
  2 orcs (D:4)
8 creatures vanquished.

Vanquished Creatures (others)
  3 ancestors (D:4)
3 creatures vanquished.

Grand Total: 79 creatures vanquished

Notes
Turn   | Place    | Note
-------+----------+-------------------------------------------
     0 | D:1      | fly the Human Skald began the quest for the Orb.
     0 | D:1      | Reached XP level 1. HP: 16/16 MP: 3/3
   331 | D:1      | Reached XP level 2. HP: 22/22 MP: 0/5
   790 | D:1      | Reached XP level 3. HP: 27/27 MP: 2/6
  1416 | D:2      | Found a runed door.
  2192 | D:2      | Reached XP level 4. HP: 27/33 MP: 5/8
  2372 | D:2      | Reached skill level 1 in Shields
  3282 | D:4      | Reached XP level 5. HP: 14/38 MP: 3/9
  3521 | D:4      | Noticed Natasha
  3534 | D:4      | Killed Natasha
  3701 | D:4      | Found a staircase to the Ecumenical Temple.
  3743 | Temple   | Entered the Ecumenical Temple
  3922 | Temple   | Became a worshipper of Hepliaklqana the Forgotten
  4045 | D:4      | Reached XP level 6. HP: 7/39 MP: 8/10
  4051 | D:4      | Noticed Natasha
  4120 | D:4      | Killed Natasha
  4627 | D:4      | Noticed Natasha
  4638 | D:4      | Killed Natasha
  4978 | D:4      | Learned a level 2 spell: Song of Slaying
  4982 | D:4      | Learned a level 3 spell: Regeneration
  4985 | D:4      | Learned a level 2 spell: Shroud of Golubria
  5005 | D:5      | Entered Level 5 of the Dungeon
  5061 | D:5      | Noticed an ogre
  5069 | D:5      | Killed an ogre
  5069 | D:5      | Reached XP level 7. HP: 38/45 MP: 6/11
  5508 | D:5      | Slain by a gnoll

Skill      XL: |  1  2  3  4  5  6  7 |
---------------+----------------------+-----
Maces & Flails | 3 4 |  4.2
Spellcasting   | 3 |  3.0
Shields        | 1 3 4 |  4.0
Armour         | 2 3 |  3.0
Fighting       | 3 |  3.5
Dodging        | |  2.0
Charms         | |  3.0

Action                   |  1- 3 |  4- 6 |  7- 9 || total
-------------------------+-------+-------+-------++-------
Melee: Mace              |    44 |   152 |    26 ||   222
       Whip              |   115 |    27 |       ||   142
 Cast: Infusion          |    13 |    13 |     2 ||    28
Invok: Recall Ancestor   |       |     2 |     1 ||     3
       Ancestor Identity |       |     1 |       ||     1
  Use: Scroll            |     4 |     5 |     1 ||    10
       Potion            |       |     2 |       ||     2
 Stab: Sleeping          |     1 |       |       ||     1
       Distracted        |       |     2 |       ||     2
  Eat: Chunk             |     3 |    11 |     1 ||    15
Armor: Leather armour    |    40 |    24 |     4 ||    68
       Scale mail        |       |    16 |       ||    16
Dodge: Dodged            |    96 |    82 |    11 ||   189
Block: Buckler           |       |    32 |    10 ||    42
